 Dungeon Crawl Stone Soup version 0.30.1-3-gfc49f6343a (webtiles) character file.

Game seed: 12562595305398829737

546 Zeor the Twirler (level 7, -8/50 HPs)
             Began as a Djinni Gladiator on Aug 7, 2023.
             Mangled by Duvessa
             ... wielding a +0 short sword
              (15 damage)
             ... on level 4 of the Dungeon.
             The game lasted 00:08:52 (3142 turns).

Zeor the Twirler (Djinni Gladiator)                 Turns: 3142, Time: 00:08:53

Health: -8/50      AC:  6    Str: 13    XL:     7   Next: 53%
Gold:   254        EV: 13    Int: 11    God:
                   SH:  0    Dex: 15

rFire   + + .        a - +0 quarterstaff
rCold   x . .        (shield currently unavailable)
rNeg    . . .        b - +0 leather armour
rPois   ∞            c - +0 helmet
rElec   .            m - +1 cloak
rCorr   .            (no gloves)
SInv    +            (boots unavailable)
Will    .....        (no amulet)
Stlth   +            g - ring of see invisible
HPRegen 0.28/turn    (no ring)
MPRegen 0.00/turn

%: infuse magic (-9 HP)
@: brilliant, flying
A: sickness immunity, fire resistance 2, cold vulnerability 1, float, innate
caster, HP casting, extra vitality 1
a: no special abilities


You were on level 4 of the Dungeon.
You visited 1 branch of the dungeon, and saw 4 of its levels.

You collected 254 gold pieces.

Inventory:

Hand Weapons
 a - a +0 quarterstaff (weapon)
Missiles
 d - 3 throwing nets (quivered)
 e - a javelin
 k - 3 poisoned darts
Armour
 b - a +0 leather armour (worn)
 c - a +0 helmet (worn)
 l - the +6 ring mail of the Harvest {-Tele Will+ Regen+ rCorr}
   (You found it on level 3 of the Dungeon)

   -Tele:     It prevents most forms of teleportation.
   Regen:     It increases your rate of health regeneration.
   rCorr:     It protects you from acid and corrosion.
   Will:      It increases your willpower.
 m - a +1 cloak (worn)
Jewellery
 g - a ring of see invisible (left hand)
Wands
 o - a wand of paralysis (10)
Scrolls
 f - 4 scrolls of teleportation
 n - a scroll of vulnerability
 q - 2 scrolls of identify
Potions
 h - a potion of heal wounds
 i - a potion of curing
 j - a potion of brilliance
 p - 2 potions of lignification


   Skills:
 + Level 3.3 Fighting
 + Level 4.9 Staves
 + Level 1.6 Throwing
 + Level 2.5 Armour
 + Level 4.2 Dodging
 + Level 0.2 Stealth
 * Level 2.3 Spellcasting


You knew the following spells:

 Your Spells              Type           Power      Damage    Failure   Level
a - Summon Small Mammal   Summ           36%        N/A       14%         1
b - Searing Ray           Conj           18%        2d5       21%         2
c - Confusing Touch       Hex            9%         N/A       38%         3
Your spell library was empty.

Dungeon Overview and Level Annotations

Branches:
Dungeon (4/15)
 Temple: D:4-7

Altars:
Fedhas

Annotations:
D:4 Duvessa


Innate Abilities, Weirdness & Mutations

You are immune to sickness and miasma.
You are immune to poison.
Your flesh is very heat resistant. (rF++)
You are vulnerable to cold. (rC-)
You float through the air rather than walking.
You learn spells naturally, not from books.
Your magical power is your life essence.
You have superior vitality. (+4 MHP)


Message History

Duvessa is moderately wounded.
The searing ray misses Dowan.
You finish channelling your searing ray.
Duvessa hits you with a +0 short sword.
Casting: Searing Ray (safe; 22% risk of failure)
Confirm with . or Enter, or press ? or * to list all spells.
Aiming: Searing Ray (safe; 22% risk of failure)
Press: ? - help, Shift-Dir - straight line, f/p - Dowan
Aim: Dowan, wielding a +0 dagger, wearing a +0 robe and carrying a wand of roots (5) (almost dead, 67% to hit)
You feel a surge of power!
The searing ray hits Duvessa.
Duvessa is heavily wounded.
The searing ray hits Dowan!
You kill Dowan!
Duvessa screams, "No!
How DARE you!"
Duvessa goes berserk! (Press . to maintain the ray.) Duvessa closely misses you.
The searing ray hits Duvessa but does no damage.
Duvessa is heavily wounded.
Duvessa barely misses you. Duvessa hits you with a +0 short sword!
The searing ray misses Duvessa.
Duvessa closely misses you.
The searing ray hits Duvessa but does no damage.
Duvessa is heavily wounded.
You finish channelling your searing ray.
Duvessa closely misses you. Duvessa misses you.
Casting: Searing Ray (safe; 21% risk of failure)
Confirm with . or Enter, or press ? or * to list all spells.
Aiming: Searing Ray (safe; 21% risk of failure)
Press: ? - help, Shift-Dir - straight line, f - Duvessa
Aim: Duvessa, wielding a +0 short sword and wearing a +0 leather armour (heavily wounded, berserk, 79% to hit)
You feel a surge of power!
The searing ray hits Duvessa.
Duvessa is heavily wounded. (Press . to maintain the ray.) Duvessa hits you with a +0 short sword!
* * * LOW HITPOINT WARNING * * *
The searing ray hits Duvessa.
Duvessa is heavily wounded.
* * * LOW HITPOINT WARNING * * *
Duvessa hits you with a +0 short sword!
You die... ∙∙ ▒▒▒▒ ∙∙ ∙∙∙e

∙ ▒∙ ▒∙e∙
∙∙▒▒▒▒∙▒▒∙∙▒
∙∙∙∙∙∙∙∙∙∙▒▒∙∙∙
∙∙∙∙∙∙∙∙∙∙∙∙g▒
∙∙∙∙∙∙∙)▒
∙∙∙∙∙∙▒e▒ ∙∙
∙∙▒▒▒ ▒R▒▒▒ ∙∙
▒∙∙∙▒ ▒ ▒▒>
▒▒▒∙▒ ▒▒ ▒∙∙
▒∙▒▒ ∙ ▒∙▒
▒∙∙▒▒ ▒ ▒∙▒
▒▒∙∙▒ ▒▒▒▒▒∙▒
▒▒∙▒▒▒▒▒
▒▒∙∙∙∙▒ ▒▒▒
▒∙)∙∙∙▒ ▒∙∙▒▒∙▒
∙∙▒ ▒▒▒▒∙∙!▒


You could see Duvessa (berserk).

Vanquished Creatures
  Grinder (D:3)
  A black bear (D:4)
  Dowan (D:4)
  An iguana (D:3)
  An orc wizard (D:3)
  3 adders
  2 ufetubi
  A worm (D:2)
  2 dart slugs
  11 orcs
  5 ball pythons
  7 endoplasms
  3 giant cockroaches
  3 goblins
  6 hobgoblins
  3 jackals (D:2)
  3 quokkas
  A bat (D:3)
  2 frilled lizards (D:1)
  4 kobolds (D:1)
  3 rats
64 creatures vanquished.

Vanquished Creatures (collateral kills)
  Jessica (D:2)
  A bat (D:3)
2 creatures vanquished.

Vanquished Creatures (others)
  An orc wizard (D:3)
1 creature vanquished.

Grand Total: 67 creatures vanquished

Notes
Turn   | Place    | Note
-------+----------+-------------------------------------------
     0 | D:1      | Zeor the Djinni Gladiator began the quest for the Orb.
     0 | D:1      | Reached XP level 1. HP: 18/18 MP: 0/0
   256 | D:1      | Reached XP level 2. HP: 20/23 MP: 0/0
   341 | D:1      | Found a faded altar of an unknown god.
   947 | D:2      | Reached XP level 3. HP: 28/28 MP: 0/0
   947 | D:2      | Learned a level 1 spell: Summon Small Mammal
  1292 | D:2      | Noticed Jessica
  1303 | D:2      | Killed Jessica
  1304 | D:2      | Reached skill level 1 in Spellcasting
  1304 | D:2      | Reached XP level 4. HP: 11/34 MP: 0/0
  1901 | D:3      | Reached skill level 1 in Armour
  1901 | D:3      | Reached XP level 5. HP: 35/39 MP: 0/0
  1901 | D:3      | Learned a level 2 spell: Searing Ray
  2262 | D:3      | Identified the +6 ring mail of the Harvest {-Tele Will+
                  | Regen+ rCorr}
  2423 | D:3      | Reached XP level 6. HP: 43/45 MP: 0/0
  2612 | D:3      | Noticed Grinder
  2639 | D:3      | Paralysed by Grinder for 4 turns
  2656 | D:3      | Paralysed by Grinder for 3 turns
  2660 | D:3      | Killed Grinder
  2661 | D:3      | Reached XP level 7. HP: 11/50 MP: 0/0
  2661 | D:3      | Learned a level 3 spell: Confusing Touch
  2896 | D:4      | Found a blossoming altar of Fedhas.
  3122 | D:4      | Noticed Duvessa
  3122 | D:4      | Noticed Dowan
  3137 | D:4      | Killed Dowan
  3142 | D:4      | Mangled by Duvessa

Illustrated notes

Levels and vault maps discovered:
D:1:      dpeg_arrival_tiny_j, layout_basic,
          shapermc_ecumenical_altar_mp_highgroup, minmay_misc_feat_hallway,
          minmay_domino_4
D:2:      layout_loops_corners, uniq_jessica
D:3:      layout_rooms, kennysheep_nondescript, uniq_grinder
D:4:      layout_rooms, trog_book, fedhas_altar_fruit_tree, uniq_duvessa

Skill      XL: |  1  2  3  4  5  6 |
---------------+-------------------+-----
Staves         | 3 4 |  4.9
Spellcasting   | 1 2 |  2.3
Armour         | 1 2 |  2.5
Fighting       | 3 |  3.3
Dodging        | 4 |  4.2
Throwing       | |  1.6
Stealth        | |  0.2

Action                     |  1- 3 |  4- 6 |  7- 9 || total
---------------------------+-------+-------+-------++-------
  Melee: Quarterstaff      |    73 |    79 |    18 ||   170
   Cast: Summon Small Mamm |     2 |     2 |       ||     4
         Searing Ray       |       |     8 |     7 ||    15
    Use: Scroll            |     8 |     2 |       ||    10
         Potion            |       |     3 |     1 ||     4
 Armour: Leather armour    |    14 |    29 |     9 ||    52
  Dodge: Dodged            |    41 |    77 |    25 ||   143
